 Dungeon Crawl Stone Soup version 0.24.0-13-gcf9b319 (webtiles) character file.

Game seed: 5051388517564036484, levelgen mode: deterministic

168 sanboga the Skirmisher (level 5, 33/33 HPs)
             Began as a Gargoyle Berserker on Nov 12, 2019.
             Was a Priest of Trog.
             Quit the game on level 3 of the Dungeon.
             The game lasted 00:02:40 (2235 turns).

sanboga the Skirmisher (Gargoyle Berserker)         Turns: 2235, Time: 00:02:40

Health: 33/33      AC: 19    Str: 22    XL:     5   Next: 48%
Magic:  5/5        EV:  6    Int:  7    God:    Trog [***...]
Gold:   99         SH:  0    Dex:  9    Spells: 4/4 levels left

rFire    . . .     SeeInvis .   a - +1 hand axe
rCold    . . .     Gourm    .   (no shield)
rNeg     + . .     Faith    .   d - +0 plate armour
rPois    ∞         Spirit   .   j - +0 helmet
rElec    +         Reflect  .   m - +0 cloak (curse)
rCorr    .         Harm     .   (no gloves)
MR       .....     Clarity  +   (no boots)
Stlth    ..........             e - amulet of the acrobat
HPRegen  0.11/turn              (no ring)
MPRegen  0.09/turn              (no ring)

@: no status effects
A: yellow scales 1, blurry vision 1, clarity, negative energy resistance 1,
electricity resistance, unbreathing, petrification resistance, rot immunity, AC
+4
a: Berserk, Trog's Hand, Renounce Religion


You were on level 3 of the Dungeon.
You worshipped Trog.
Trog was most pleased with you.
You were not hungry.

You visited 1 branch of the dungeon, and saw 3 of its levels.

You collected 99 gold pieces.

Inventory:

Hand Weapons
 a - a +1 hand axe (weapon)
Armour
 d - a +0 plate armour (worn)
 j - a +0 helmet (worn)
 m - a cursed +0 cloak (worn)
Jewellery
 e - an amulet of the acrobat (around neck)
Wands
 l - a wand of iceblast (8)
Potions
 g - a potion of haste
 h - 2 potions of curing {unknown}
 i - a potion of invisibility {unknown}
 k - a potion of degeneration {unknown}
Comestibles
 b - 2 chunks of flesh
 c - 12 rations


   Skills:
 + Level 4.3 Fighting
 * Level 4.3 Axes
 + Level 3.5 Armour
 - Level 1.5 Dodging


You had 4 spell levels left.
You didn't know any spells.
Your spell library was empty.

Dungeon Overview and Level Annotations

Branches:
Dungeon (3/15)

Altars:
Cheibriados


Innate Abilities, Weirdness & Mutations

You are resistant to torment.
Your stone body is resilient. (AC +4)
You are immune to poison.
You resist negative energy. (rN+)
You are resistant to electric shocks. (rElec)
You can survive without breathing.
You are immune to petrification.
You are immune to rotting.
You are partially covered in yellow scales. (AC +2)
Scrolls take you a little longer to read.
You possess an exceptional clarity of mind.


Message History

Done exploring.
Done exploring.
You see here a glowing cloak.
m - a glowing cloak You start putting on your armour.
You continue putting on your glowing cloak. x4
You finish putting on your cursed +0 cloak.
Oops, that feels deathly cold.
You aren't carrying any scrolls.
It was a potion of mutation.
You feel extremely strange.
Your system partially rejects the healing effects of potions.
You feel robust.
Icy blue scales grow over part of your body.
Your thoughts seem clearer.
Really quaff the potion of mutation?
You feel extremely strange.
You feel frail.
Your icy blue scales disappear.
Your vision blurs.
Your system completely accepts the healing effects of potions.
Yellow scales grow over part of your body.
Are you sure you want to abandon this character and quit the game? (Confirm with "yes".)

#.......##.#.###..# #.
##'#'#####.#.# ##.## #.
#.#.# #.#.# #..# #) #.#.#
#.#.# ##.# #. #.#.# #.#.#
#.# #. #.#.# #.#.# #.##
#. #.#.# #.#.# #..# #.
#.#.#####.#.# ##.# #.
#.#...@...#.# #.# #.
#.#########.######.###.
#...........#.......##.
###############<####..##.
#...........########..##.
#.#########.#..........#.
#.# #....######...#. #.#
#._..# #÷..#. #.# #....#
#.#.#.


There were no monsters in sight!

Vanquished Creatures
  4 gnolls (D:3)
  4 adders
  7 worms
  4 dart slugs
  2 orcs (D:3)
  4 giant cockroaches
  7 goblins
  7 hobgoblins
  A quokka (D:2)
  11 bats
  4 frilled lizards
  12 kobolds
  4 rats
71 creatures vanquished.

Notes
Turn   | Place    | Note
-------+----------+-------------------------------------------
     0 | D:1      | sanboga the Gargoyle Berserker began the quest for the Orb.
     0 | D:1      | Reached XP level 1. HP: 14/14 MP: 1/1
   333 | D:1      | Reached XP level 2. HP: 19/19 MP: 2/2
   873 | D:2      | Reached XP level 3. HP: 23/23 MP: 3/3
  1011 | D:2      | Reached ** piety under Trog
  1143 | D:2      | Reached XP level 4. HP: 28/29 MP: 4/4
  1687 | D:3      | Reached XP level 5. HP: 30/33 MP: 5/5
  2136 | D:3      | Found a snail-covered altar of Cheibriados.
  2145 | D:3      | Reached *** piety under Trog
  2233 | D:3      | Gained mutation: Potions are less effective at restoring
                  | your health. [potion of mutation]
  2233 | D:3      | Gained mutation: You are robust. (+10% HP) [potion of
                  | mutation]
  2233 | D:3      | Gained mutation: You are partially covered in icy blue
                  | scales. (AC +2) [potion of mutation]
  2233 | D:3      | Gained mutation: You possess an exceptional clarity of
                  | mind. [potion of mutation]
  2234 | D:3      | Lost mutation: You are robust. (+10% HP) [potion of
                  | mutation]
  2234 | D:3      | Lost mutation: You are partially covered in icy blue
                  | scales. (AC +2) [potion of mutation]
  2234 | D:3      | Gained mutation: Scrolls take you a little longer to read.
                  | [potion of mutation]
  2234 | D:3      | Lost mutation: Potions are less effective at restoring your
                  | health. [potion of mutation]
  2234 | D:3      | Gained mutation: You are partially covered in yellow
                  | scales. (AC +2) [potion of mutation]
  2235 | D:3      | Quit the game

Levels and vault maps discovered:
D:1:      minmay_arrival_hallway, layout_basic
D:2:      layout_rooms, chequers_arboretum, kennysheep_generic_room_8
D:3:      layout_basic, cheibriados_altar_1, first_ration

Skill      XL: |  1  2  3  4 |
---------------+-------------+-----
Axes           | 3 4 |  4.3
Armour         | 3 |  3.5
Fighting       | 4 |  4.3
Dodging        | |  1.5

Action                   |  1- 3 |  4- 6 || total
-------------------------+-------+-------++-------
Melee: Hand axe          |   123 |   123 ||   246
Invok: Berserk           |     1 |       ||     1
  Use: Scroll            |     3 |     3 ||     6
       Potion            |       |     2 ||     2
  Eat: Chunk             |     2 |     3 ||     5
Armor: Animal skin       |    10 |       ||    10
       Plate armour      |   102 |   100 ||   202
Dodge: Dodged            |    58 |    41 ||    99
